 Dungeon Crawl Stone Soup version 0.27-a0-333-gfa571bf19a (webtiles) character file.

Game seed: 3151302316011311525

3311 Glorbak the Grappler (level 10, 0/111 HPs)
             Began as a Gnoll Transmuter on Feb 13, 2021.
             Was an Initiate of Gozag.
             Engulfed by a steam dragon's steam (4 damage)
             ... on level 8 of the Dungeon.
             The game lasted 00:50:10 (10325 turns).

Glorbak the Grappler (Gnoll Transmuter)            Turns: 10325, Time: 00:50:10

Health: 0/111      AC: 29    Str: 17 (19) XL:     10   Next: 1%
Magic:  19/20      EV:  2    Int: 11 (13) God:    Gozag
Gold:   695        SH:  5    Dex: 11 (12) Spells: 14/23 levels left

rFire    . . .     SeeInvis .   y - +4 short sword (venom)
rCold    . . .     Faith    .   (no shield)
rNeg     + + +     Spirit   .   (armour currently unavailable)
rPois    +         Reflect  +   (helmet currently unavailable)
rElec    .         Harm     .   (cloak currently unavailable)
rCorr    .         Rampage  .   (gloves currently unavailable)
Will     .....     NoTele   +   (boots currently unavailable)
Stlth    +++.......             e - amulet of reflection
HPRegen  0.28/turn              m - +6 ring of strength
MPRegen  0.17/turn              C - +4 ring of protection

@: tree-form, wereblooded, gold aura
A: distributed training, strong nose
a: Renounce Religion, Potion Petition, Call Merchant, Bribe Branch


You were on level 8 of the Dungeon.
You worshipped Gozag.
Gozag was pleased with you.
You were a tree.
You visited 2 branches of the dungeon, and saw 9 of its levels.

You collected 779 gold pieces.
You paid 84 gold pieces to Gozag.

Inventory:

Hand Weapons
 p - a +0 hunting sling
 q - a +1 dagger of speed
 y - a +4 short sword of venom (weapon)
 A - a +0 falchion of holy wrath
Missiles
 d - 8 boomerangs
 g - 109 arrows
 k - 122 sling bullets
 l - 18 bolts
Armour
 a - a +0 robe
 i - a +0 cloak (melded)
 r - a +2 leather armour of positive energy (melded)
 F - a +0 helmet (melded)
 H - a +1 leather armour of fire resistance
Jewellery
 e - an amulet of reflection (around neck)
 m - a +6 ring of strength (left branch)
 w - an amulet of magic regeneration
 x - a ring of resist corrosion
 C - a +4 ring of protection (right branch)
Wands
 b - a wand of mindburst (12)
 s - a wand of charming (11) (quivered)
 G - a wand of digging (5)
 J - a wand of iceblast (11)
Scrolls
 c - a scroll of fear {unknown}
 h - 4 scrolls of teleportation
 j - a scroll of fog {unknown}
 n - 2 scrolls of blinking {unknown}
 o - a scroll of immolation {unknown}
 u - a scroll of enchant armour {unknown}
 I - a scroll of identify
Potions
 f - a potion of berserk rage
 t - 2 potions of brilliance
 v - 2 potions of might
 z - 2 potions of flight
 D - a potion of ambrosia {unknown}


   Skills:
 + Level 5.5 Fighting
 + Level 4.8 Short Blades
 + Level 4.8 Long Blades
 + Level 4.8 Axes
 + Level 4.8 Maces & Flails
 + Level 4.8 Polearms
 + Level 4.8 Staves
 + Level 4.8 Slings
 + Level 4.8 Bows
 + Level 4.8 Crossbows
 + Level 4.8 Throwing
 + Level 4.8 Armour
 + Level 6.7 Dodging
 + Level 4.8 Stealth
 + Level 4.8 Shields
 + Level 8.2 Unarmed Combat
 + Level 7.0 Spellcasting
 + Level 4.0 Conjurations
 + Level 4.0 Hexes
 + Level 4.0 Summonings
 + Level 4.0 Necromancy
 + Level 4.0 Translocations
 + Level 5.5 Transmutations
 + Level 4.0 Fire Magic
 + Level 4.0 Ice Magic
 + Level 4.0 Air Magic
 + Level 4.0 Earth Magic
 + Level 4.0 Poison Magic
 + Level 5.3 Invocations
 + Level 4.8 Evocations


You had 14 spell levels left.
You knew the following spells:

 Your Spells              Type           Power        Failure   Level
a - Beastly Appendage     Tmut           32%          1%          1
b - Wereblood             Tmut           16%          2%          2
c - Spider Form           Tmut/Pois      7%           8%          3
d - Vampiric Draining     Necr           6%           10%         3

Your spell library contained the following spells:

 Spells                   Type           Power        Failure   Level
 Animate Skeleton         Necr           24%          3%          1
 Pain                     Necr           48%          3%          1
 Ice Form                 Ice/Tmut       14%          24%         4
 Animate Dead             Necr           6%           32%         4
 Blade Hands              Tmut           8%           43%         5
 Agony                    Necr           12%          67%         5


Dungeon Overview and Level Annotations

Branches:
Dungeon (8/15)             Temple (1/1) D:5
   Lair: D:8-11

Altars:
Ashenzari
Cheibriados
Dithmenos
Elyvilon
Fedhas
Gozag
Hepliaklqana
Kikubaaqudgha
Makhleb
Nemelex Xobeh
Okawaru
Qazlal
Ru
Sif Muna
Trog
Uskayaw
Vehumet
Wu Jian
Xom
Zin
The Shining One

Shops:
D:5 (


Innate Abilities, Weirdness & Mutations

Your experience applies equally to all skills.
((You have very sharp teeth.))
Your uncanny sense of smell can sniff out nearby items.


Message History

An orc warrior comes into view. It is wielding a +0 hand axe.
The steam dragon breathes steam at you. The ball of steam hits you!
The seven-headed hydra bites you. The seven-headed hydra bites you!
* * * LOW HITPOINT WARNING * * *
You block the seven-headed hydra's attack.
The seven-headed hydra bites you!
* * * LOW HITPOINT WARNING * * *
The seven-headed hydra closely misses you.
The seven-headed hydra barely misses you. x2
You hear a shout!
Your Conjurations skill increases to level 4!
Your Hexes skill increases to level 4!
Your Summonings skill increases to level 4!
Your Necromancy skill increases to level 4!
Your Translocations skill increases to level 4!
Your Fire Magic skill increases to level 4!
Your Ice Magic skill increases to level 4!
Your Air Magic skill increases to level 4!
Your Earth Magic skill increases to level 4!
Your Poison Magic skill increases to level 4!
It was a potion of lignification.
Your horns disappear.
Your talons disappear.
Your +0 helmet unmelds from your body.
You turn into a tree.
Your +0 cloak melds into your body.
Your +0 helmet melds into your body.
Your +2 leather armour of positive energy melds into your body.
You feel less protected from negative energy.
Your roots penetrate the ground.
You are engulfed in a cloud of scalding steam.
* * * LOW HITPOINT WARNING * * *
The seven-headed hydra becomes distracted by the nearby gold, dreaming of imaginary riches.
The steam dragon bites you but does no damage.
The steam dragon claws you but does no damage.
The seven-headed hydra roars!
It was a potion of degeneration.
There was something very wrong with that liquid.
You feel weakened.
You feel dopey.
You feel clumsy.
You are engulfed in a cloud of scalding steam.
You die...
Your body crumbles into a pile of gold.

#.###.#
################.)...#
#.>............#.#####
#.######.#####.......#
#§######.##...........
#§.§.....##........#.#
#.§§##.........###)#..
#..#.####...####∆#....
#..##♣D.##### ##....
#...#§D...... #..###
#...#..#..... #..#
#...##.. #### ##..#
#...( ..# #...### ##.
..# #...... ##.. o.#
#..##.# #..# ..#
##..#.# #.. #....#


You could see a seven-headed hydra, a steam dragon (catching breath) and an orc
warrior.

Vanquished Creatures
  A two-headed ogre (D:8)
  Maggie (D:7)
  Sigmund (D:6)
  A wyvern (D:5)
  2 sky beasts (D:8)
  An ice beast (D:8)
  An ogre (D:8)
  A necrophage (D:7)
  2 phantoms
  Blork the orc (D:6)
  A bullfrog (D:8)
  2 scorpions
  3 killer bees (D:7)
  5 wights
  2 howler monkeys (D:7)
  4 hounds
  A jelly (D:5)
  3 orc priests
  2 iguanas
  6 worker ants
  7 orc wizards
  A howler monkey skeleton (D:8)
  6 adders
  A white imp (D:4)
  An ooze (D:7)
  An ufetubus (D:5)
  5 worms
  3 dart slugs
  3 leopard geckos
  18 orcs
  5 giant cockroaches
  9 goblins
  6 hobgoblins
  7 jackals
  3 kobolds
  4 quokkas
  3 ball pythons
  9 bats
  6 frilled lizards
  A jackal skeleton (D:8)
  A quokka skeleton (D:8)
  2 rats (D:1)
143 creatures vanquished.

Vanquished Creatures (others)
  A centaur (D:8)
1 creature vanquished.

Grand Total: 144 creatures vanquished

Notes
Turn   | Place    | Note
-------+----------+-------------------------------------------
     0 | D:1      | Glorbak the Gnoll Transmuter began the quest for the Orb.
     0 | D:1      | Reached XP level 1. HP: 17/17 MP: 6/6
   280 | D:1      | Reached XP level 2. HP: 22/23 MP: 4/7
   283 | D:1      | Learned a level 2 spell: Wereblood
   869 | D:2      | Reached XP level 3. HP: 28/28 MP: 3/9
   943 | D:2      | Reached skill level 5 in Spellcasting
   985 | D:2      | Found a broken altar of Ashenzari.
  1241 | D:2      | Learned a level 3 spell: Spider Form
  1279 | D:2      | Reached skill level 1 in Invocations
  1311 | D:2      | Reached skill level 1 in Short Blades
  1311 | D:2      | Reached skill level 1 in Long Blades
  1311 | D:2      | Reached skill level 1 in Axes
  1311 | D:2      | Reached skill level 1 in Maces & Flails
  1311 | D:2      | Reached skill level 1 in Polearms
  1311 | D:2      | Reached skill level 1 in Staves
  1311 | D:2      | Reached skill level 1 in Slings
  1311 | D:2      | Reached skill level 1 in Bows
  1311 | D:2      | Reached skill level 1 in Crossbows
  1311 | D:2      | Reached skill level 1 in Throwing
  1311 | D:2      | Reached skill level 1 in Armour
  1311 | D:2      | Reached skill level 1 in Stealth
  1311 | D:2      | Reached skill level 1 in Shields
  1311 | D:2      | Reached skill level 1 in Evocations
  1311 | D:2      | Reached XP level 4. HP: 26/34 MP: 8/11
  1316 | D:2      | Reached skill level 1 in Conjurations
  1316 | D:2      | Reached skill level 1 in Hexes
  1316 | D:2      | Reached skill level 1 in Summonings
  1316 | D:2      | Reached skill level 1 in Necromancy
  1316 | D:2      | Reached skill level 1 in Translocations
  1316 | D:2      | Reached skill level 1 in Fire Magic
  1316 | D:2      | Reached skill level 1 in Ice Magic
  1316 | D:2      | Reached skill level 1 in Air Magic
  1316 | D:2      | Reached skill level 1 in Earth Magic
  1316 | D:2      | Reached skill level 1 in Poison Magic
  1320 | D:2      | Reached XP level 5. HP: 32/40 MP: 8/12
  1503 | D:2      | Found a hazy altar of Hepliaklqana.
  2350 | D:3      | Found a radiant altar of Vehumet.
  2890 | D:3      | Reached XP level 6. HP: 47/47 MP: 5/13
  3451 | D:4      | Reached skill level 5 in Dodging
  3857 | D:4      | Found a stormy altar of Qazlal.
  3979 | D:5      | Entered Level 5 of the Dungeon
  4013 | D:5      | Noticed a wyvern
  4037 | D:5      | Killed a wyvern
  4038 | D:5      | Reached skill level 7 in Unarmed Combat
  4038 | D:5      | Reached XP level 7. HP: 17/52 MP: 8/15
  4301 | D:5      | Found a staircase to the Ecumenical Temple.
  4395 | Temple   | Entered the Ecumenical Temple
  4606 | Temple   | Became a worshipper of Gozag Ym Sagoz the Greedy
  4861 | D:5      | Learned a level 3 spell: Vampiric Draining
  5009 | D:5      | Found Niavelui's Weapon Shop.
  7525 | D:6      | Reached XP level 8. HP: 54/56 MP: 13/16
  7677 | D:6      | Found a shadowy altar of Dithmenos.
  7683 | D:6      | Found a glowing silver altar of Zin.
  7870 | D:6      | Noticed Blork the orc
  7889 | D:6      | Killed Blork the orc
  7978 | D:6      | Noticed Sigmund
  7991 | D:6      | Killed Sigmund
  8463 | D:7      | Noticed Maggie
  8489 | D:7      | Killed Maggie
  8616 | D:7      | Reached skill level 5 in Transmutations
  8616 | D:7      | Reached XP level 9. HP: 55/66 MP: 15/18
  9047 | D:7      | Found a glowing golden altar of the Shining One.
  9937 | D:8      | Reached skill level 5 in Fighting
 10094 | D:8      | Noticed a two-headed ogre
 10108 | D:8      | Killed a two-headed ogre
 10109 | D:8      | Reached skill level 8 in Unarmed Combat
 10109 | D:8      | Reached skill level 5 in Invocations
 10315 | D:8      | Noticed a seven-headed hydra
 10318 | D:8      | Reached XP level 10. HP: 70/74 MP: 18/20
 10324 | D:8      | HP: 4/111 [steam dragon] (2)]
 10325 | D:8      | Engulfed by a steam dragon's steam

Illustrated notes

Levels and vault maps discovered:
D:1:      dpeg_arrival_refuge, layout_rooms
D:2:      cheibrodos_pilgrimage, layout_basic, old_standard_altar,
          lemuel_crystal_altar
D:3:      layout_loops_cross, marbit_many_paths
D:4:      layout_basic, kennysheep_mini_moat, hangedman_minor_gate_pass
D:5:      layout_loops_cross, temple_doors_e, serial_shops, shop
D:6:      layout_cave_pods, minitemple, uniq_blork_the_orc, uniq_sigmund
D:7:      layout_loops_ring, tso_altar, uniq_maggie
D:8:      layout_loops_ring, chequers_avenue, minmay_pinched_square
Temple:   regret_index_temple_generic_petals

Skill      XL: |  1  2  3  4  5  6  7  8  9 10 |
---------------+-------------------------------+-----
Spellcasting   | 5 6 7 |  7.0
Invocations    | 1 2 3 4 5 |  5.3
Short Blades   | 1 2 3 4 |  4.8
Long Blades    | 1 2 3 4 |  4.8
Axes           | 1 2 3 4 |  4.8
Maces & Flails | 1 2 3 4 |  4.8
Polearms       | 1 2 3 4 |  4.8
Staves         | 1 2 3 4 |  4.8
Slings         | 1 2 3 4 |  4.8
Bows           | 1 2 3 4 |  4.8
Crossbows      | 1 2 3 4 |  4.8
Throwing       | 1 2 3 4 |  4.8
Armour         | 1 2 3 4 |  4.8
Stealth        | 1 2 3 4 |  4.8
Shields        | 1 2 3 4 |  4.8
Evocations     | 1 2 3 4 |  4.8
Conjurations   | 1 2 3 4 |  4.0
Hexes          | 1 2 3 4 |  4.0
Summonings     | 1 2 3 4 |  4.0
Necromancy     | 1 2 3 4 |  4.0
Translocations | 1 2 3 4 |  4.0
Fire Magic     | 1 2 3 4 |  4.0
Ice Magic      | 1 2 3 4 |  4.0
Air Magic      | 1 2 3 4 |  4.0
Earth Magic    | 1 2 3 4 |  4.0
Poison Magic   | 1 2 3 4 |  4.0
Fighting       | 3 4 5 |  5.5
Transmutations | 4 5 |  5.5
Dodging        | 5 6 |  6.7
Unarmed Combat | 7 8 |  8.2

Action                   |  1- 3 |  4- 6 |  7- 9 | 10-12 || total
-------------------------+-------+-------+-------+-------++-------
Melee: Unarmed           |    47 |    15 |    17 |       ||    79
       Kick              |    21 |    21 |    48 |     2 ||    92
       Bite              |     6 |    11 |    23 |       ||    40
       Headbutt          |    12 |    21 |    28 |     1 ||    62
       Dagger            |    18 |    86 |       |       ||   104
       Hand axe          |    13 |    12 |       |       ||    25
       Punch             |     1 |     3 |     3 |       ||     7
       Short sword       |       |    27 |   196 |     5 ||   228
Throw: Boomerang         |     5 |       |       |       ||     5
 Cast: Beastly Appendage |    22 |    22 |    34 |       ||    78
       Wereblood         |     7 |    10 |    23 |       ||    40
       Spider Form       |       |     3 |     4 |       ||     7
  Use: Scroll            |       |     6 |     2 |       ||     8
       Potion            |       |     1 |     3 |     2 ||     6
 Stab: Sleeping          |       |       |     1 |       ||     1
       Distracted        |       |       |     2 |       ||     2
Armor: Leather armour    |    10 |    24 |    29 |     2 ||    65
       Skin              |       |       |       |     2 ||     2
Dodge: Dodged            |    30 |    94 |   114 |    12 ||   250
Block: Other             |    17 |    19 |    37 |     4 ||    77
       Reflection        |       |       |     1 |     1 ||     2

Table legend: (Time is in decaauts)
 A = Elapsed time spent in this place.
 B = Non-inter-level travel time spent in this place.
 C = Inter-level travel time spent in this place.
 D = Time resting spent in this place.
 E = Time spent auto-exploring this place.
 F = Levels seen in this place.
 G = Mean time per level.
                   A        B        C        D        E       F      G
               +--------+--------+--------+--------+--------+-----+--------+
         Total |  10258 |   9621 |    637 |   2593 |   5769 |   9 | 1139.8 |
       Dungeon |  10005 |   9416 |    589 |   2593 |   5566 |   8 | 1250.6 |
        Temple |    252 |    204 |     48 |      0 |    203 |   1 |  252.0 |
               +--------+--------+--------+--------+--------+-----+--------+

Top non-repeatable levels by time:
     D:5: 3145 daAuts
     D:2: 1374 daAuts
     D:7: 1324 daAuts
     D:3: 1151 daAuts
     D:6: 900 daAuts
     D:1: 759 daAuts
     D:8: 693 daAuts
     D:4: 656 daAuts
  Temple: 252 daAuts
